 Dungeon Crawl Stone Soup version 0.31-a0-188-g5e087ee2ca (webtiles) character file.

Game seed: 12698906065225566624

1241 qw the Skirmisher (level 8, -6/46 HPs)
             Began as a Deep Elf Hunter on June 23, 2023.
             Mangled by Edmund
             ... wielding a +2 heavy dire flail
              (21 damage)
             ... on level 6 of the Dungeon.
             The game lasted 00:01:38 (4594 turns).

qw the Skirmisher (Deep Elf Hunter)                 Turns: 4594, Time: 00:01:38

Health: -6/46      AC: 10    Str: 10    XL:     8   Next: 25%
Magic:  10/10      EV: 12    Int: 15    God:
Gold:   290        SH:  0    Dex: 18    Spells: 7/7 levels left

rFire   . . .        Y - +3 shortbow
rCold   + . .        (shield currently unavailable)
rNeg    . . .        e - +0 ring mail
rPois   .            a - +0 helmet
rElec   .            (no cloak)
rCorr   .            (no gloves)
SInv    .            (no boots)
Will    .....        (no amulet)
Stlth   +            c - ring of protection from cold
HPRegen 0.27/turn    (no ring)
MPRegen 0.12/turn

%: no passive effects
@: no status effects
A: iridescent scales 2
a: no special abilities


You were on level 6 of the Dungeon.
You visited 1 branch of the dungeon, and saw 6 of its levels.

You collected 290 gold pieces.


Innate Abilities, Weirdness & Mutations

You are mostly covered in iridescent scales. (AC +4)


   Skills:
 - Level 3.2 Fighting
 + Level 12.1 Ranged Weapons
 - Level 2.0 Armour
 - Level 4.0 Dodging
 - Level 1.2 Stealth


You had 7 spell levels left.
You didn't know any spells.
Your spell library was empty.

Inventory:

Hand Weapons
 Y - a +3 shortbow (weapon)
Armour
 a - a +0 helmet (worn)
 e - a +0 ring mail (worn)
Jewellery
 c - a ring of protection from cold (left hand)
 d - a ring of resist corrosion
Scrolls
 g - a scroll of identify
 i - a scroll of amnesia {unknown}
Potions
 b - a potion of resistance
 f - 2 potions of enlightenment
 h - a potion of curing
 j - a potion of brilliance {unknown}
 k - 3 potions of mutation

Dungeon Overview and Level Annotations

Branches:
Dungeon (6/15)
 Temple: D:4-7

Altars:
Dithmenos
Trog
Uskayaw
Vehumet

Annotations:
D:6 Edmund


Message History

You shoot an arrow.
The arrow hits Edmund but does no damage.
You shoot an arrow. The arrow hits the adder.
You kill the adder!
Edmund hits you with a +2 heavy dire flail.
Your Dodging skill increases to level 4!
You shoot an arrow. The arrow barely misses Edmund.
Edmund closely misses you.
You shoot an arrow. The arrow barely misses Edmund.
You shoot an arrow. The arrow hits Edmund.
Edmund is lightly wounded.
Edmund hits you with a +2 heavy dire flail.
You shoot an arrow. The arrow hits Edmund!
Edmund is moderately wounded.
Edmund hits you with a +2 heavy dire flail.
You shoot an arrow. The arrow completely misses Edmund.
You shoot an arrow. The arrow hits Edmund!
Edmund is moderately wounded.
Edmund barely misses you.
You shoot an arrow. The arrow hits Edmund.
Edmund is heavily wounded.
You shoot an arrow. The arrow closely misses Edmund.
Edmund grinds his teeth, and then sighs.
Edmund hits you with a +2 heavy dire flail.
You shoot an arrow. The arrow hits Edmund.
Edmund is heavily wounded.
Edmund hits you with a +2 heavy dire flail!!
You shoot an arrow.
The arrow hits Edmund but does no damage.
Edmund is heavily wounded.
You shoot an arrow. The arrow hits Edmund.
Edmund is heavily wounded.
Edmund closely misses you.
You shoot an arrow. The arrow hits Edmund.
Edmund is severely wounded.
You shoot an arrow.
The arrow hits Edmund but does no damage.
Edmund is severely wounded.
Edmund hits you with a +2 heavy dire flail!!
You die...

.###### .......
>...... #### .......
#..#
......@###..########
......%@............
.#########..########
........# .#####..#
####..# #.....#
#.##..# .####.##).#
..........#


You could see Edmund.

Vanquished Creatures
  A water moccasin (D:5)
  An ice beast (D:6)
  A black bear (D:5)
  A kobold brigand (D:5)
  A phantom (D:4)
  4 scorpions
  2 howler monkeys
  2 hounds (D:4)
  3 jellies
  A gnoll bouda (D:5)
  Jessica (D:2)
  2 iguanas
  A sleepcap (D:5)
  Robin (D:2)
  7 adders
  3 gnolls (D:5)
  3 worms (D:4)
  3 dart slugs
  9 orcs
  3 ball pythons
  4 endoplasms
  4 giant cockroaches
  13 goblins
  8 hobgoblins
  6 quokkas
  A bat (D:2)
  2 frilled lizards
  12 kobolds
  7 rats
107 creatures vanquished.

Notes
Turn   | Place    | Note
-------+----------+-------------------------------------------
     0 | D:1      | qw the Deep Elf Hunter began the quest for the Orb.
     0 | D:1      | Reached XP level 1. HP: 12/12 MP: 3/3
     0 | D:1      | 0 ||| qw: Version: 0.3-a-9-g12657ce
     0 | D:1      | 0 ||| qw: Game counter: 4313
     0 | D:1      | 0 ||| qw: Always use a shield: true
     0 | D:1      | 0 ||| qw: God list: Okawaru
     0 | D:1      | 0 ||| qw: Allow faded altars: false
     0 | D:1      | 0 ||| qw: Do Orc after D:15 true
     0 | D:1      | 0 ||| qw: Do second Lair branch before Depths: true
     0 | D:1      | 0 ||| qw: Lair rune preference: random
     0 | D:1      | 0 ||| qw: Plans: Normal
     0 | D:1      | 0 ||| PLANNING D:1-11
   325 | D:1      | HP: 3/12 [hobgoblin (2)]
   327 | D:1      | HP: 1/12 [goblin/+0 dagger (1)]
   333 | D:1      | Reached skill level 6 in Ranged Weapons
   333 | D:1      | Reached XP level 2. HP: 4/16 MP: 4/4
   517 | D:1      | 517 ||| READING scroll labelled ZOISYI BEMUTS.
   518 | D:1      | 518 ||| READING scroll labelled LIUSUU WIOFU.
   519 | D:1      | 519 ||| READING scroll labelled TOLOMN FASAOB.
   520 | D:1      | 520 ||| DRINKING 2 glowing white potions.
   520 | D:1      | Gained mutation: You are frail. (-10% HP) [potion of
                  | mutation]
   521 | D:1      | 521 ||| DRINKING potion of mutation.
   521 | D:1      | Lost mutation: You are frail. (-10% HP) [potion of
                  | mutation]
   521 | D:1      | Gained mutation: You are partially covered in iridescent
                  | scales. (AC +2) [potion of mutation]
   521 | D:1      | Gained mutation: You are mostly covered in iridescent
                  | scales. (AC +4) [potion of mutation]
   528 | D:1      | 528 ||| DROPPING scroll of butterflies.
   549 | D:2      | Noticed Jessica
   550 | D:2      | 550 ||| Stepping ~*~*~tactically~*~*~ (outnumbered).
   556 | D:2      | Killed Jessica
   557 | D:2      | Reached XP level 3. HP: 20/20 MP: 5/5
   565 | D:2      | Reached skill level 7 in Ranged Weapons
   578 | D:2      | Noticed Robin
   590 | D:2      | Killed Robin
   705 | D:2      | Found a radiant altar of Vehumet.
   919 | D:2      | Reached XP level 4. HP: 25/25 MP: 6/6
  1026 | D:2      | 1026 ||| READING scroll of enchant weapon.
  1026 | D:2      | 1026 ||| ENCHANTING +1 shortbow.
  1367 | D:2      | 1367 ||| UPGRADING to +0 helmet.
  1372 | D:2      | 1372 ||| READING scroll labelled BOAP ECIWU.
  1373 | D:2      | 1373 ||| READING scroll labelled DOCUEM GUCASTU.
  1374 | D:2      | 1374 ||| READING scroll labelled JIFFUSHRURRA.
  1375 | D:2      | 1375 ||| READING scroll labelled OCAGIH SELEVOY.
  1376 | D:2      | 1376 ||| DRINKING 2 white potions.
  1622 | D:3      | Reached skill level 8 in Ranged Weapons
  1648 | D:3      | Found a shadowy altar of Dithmenos.
  1909 | D:3      | 1909 ||| UPGRADING to +0 ring mail.
  1919 | D:3      | 1919 ||| DROPPING +0 leather armour.
  1920 | D:3      | 1920 ||| DRINKING 3 bubbling cyan potions.
  1979 | D:4      | Noticed a phantom
  1986 | D:4      | Killed a phantom
  1987 | D:4      | Reached XP level 5. HP: 22/29 MP: 7/7
  1997 | D:4      | HP: 7/29 [hound (4)]
  1997 | D:4      | HP: 2/29 [hound (5)]
  1998 | D:4      | 1998 ||| DRINKING 2 potions of heal wounds.
  2001 | D:4      | Reached skill level 9 in Ranged Weapons
  2195 | D:4      | Reached XP level 6. HP: 35/35 MP: 8/8
  2457 | D:4      | 2457 ||| READING scroll of enchant weapon.
  2457 | D:4      | 2457 ||| ENCHANTING +2 shortbow.
  3108 | D:4      | 3108 ||| DROPPING ring of magical power.
  3109 | D:4      | 3109 ||| READING scroll labelled FUKEZE DUEFEACW.
  3110 | D:4      | 3110 ||| READING scroll labelled SUAMADGH CYWOIS.
  3113 | D:4      | 3113 ||| READING scroll labelled QOCSAM REBUH.
  3136 | D:5      | Entered Level 5 of the Dungeon
  3193 | D:5      | Reached skill level 10 in Ranged Weapons
  3198 | D:5      | Noticed a water moccasin
  3203 | D:5      | HP: 7/35 [water moccasin (2)]
  3204 | D:5      | 3204 ||| DRINKING potion of heal wounds.
  3206 | D:5      | Killed a water moccasin
  3207 | D:5      | Reached skill level 3 in Dodging
  3207 | D:5      | Reached XP level 7. HP: 26/40 MP: 9/9
  3386 | D:5      | Found a hide-covered altar of Uskayaw.
  3487 | D:5      | 3487 ||| Stepping ~*~*~tactically~*~*~ (outnumbered).
  3492 | D:5      | 3492 ||| Stepping ~*~*~tactically~*~*~ (outnumbered).
  3493 | D:5      | 3493 ||| Stepping ~*~*~tactically~*~*~ (outnumbered).
  3505 | D:5      | 3505 ||| FLEEEEING.
  3605 | D:5      | Reached skill level 11 in Ranged Weapons
  4002 | D:5      | 4002 ||| UPGRADING to ring of protection from cold.
  4003 | D:5      | 4003 ||| DRINKING 2 clear potions.
  4004 | D:5      | 4004 ||| READING 3 scrolls of identify.
  4004 | D:5      | 4004 ||| IDENTIFYING sedimented grey potion
  4005 | D:5      | 4005 ||| READING 2 scrolls of identify.
  4005 | D:5      | 4005 ||| IDENTIFYING metallic black potion
  4006 | D:5      | 4006 ||| DROPPING potion of attraction.
  4125 | D:6      | Reached XP level 8. HP: 44/44 MP: 10/10
  4132 | D:6      | Reached skill level 12 in Ranged Weapons
  4258 | D:6      | Found a bloodstained altar of Trog.
  4556 | D:6      | Reached skill level 3 in Fighting
  4576 | D:6      | Noticed Edmund
  4594 | D:6      | Mangled by Edmund

Levels and vault maps discovered:
D:1:      lordsloth_arrival_two_stooges, layout_basic,
          hangedman_abyss_or_decor_stabs, minmay_pentomino_p2
D:2:      layout_loops_corners, basic_altar, kennysheep_jessica_study,
          uniq_robin
D:3:      layout_rooms, nicolae_dithmenos_the_darkroom, grunt_ministairs_2,
          minmay_misc_feat_columns, hex_medium, kennysheep_generic_room_14
D:4:      layout_layer_cave
D:5:      layout_basic, nicolae_uskayaw_suspiria
D:6:      layout_basic, mainiacjoe_overflow_boulevard, uniq_edmund,
          uniq_crazy_yiuf_cottage

Skill      XL: |  1  2  3  4  5  6  7  8 |
---------------+-------------------------+-----
Ranged Weapons | 6 7 8 9 10 11 12 | 12.1
Fighting       | 2 3 |  3.2
Dodging        | 3 4 |  4.0
Armour         | 2 |  2.0
Stealth        | |  1.2

Action                     |  1- 3 |  4- 6 |  7- 9 || total
---------------------------+-------+-------+-------++-------
   Fire: Shortbow          |    83 |   146 |   139 ||   368
    Use: Scroll            |     3 |     9 |     2 ||    14
         Potion            |     2 |     4 |     1 ||     7
 Armour: Leather armour    |    28 |     2 |       ||    30
         Ring mail         |       |    27 |     8 ||    35
  Dodge: Dodged            |    35 |    30 |    32 ||    97

Table legend:
 A = Non-vault XP
 B = Vault XP
 C = Vault XP percentage of total XP
 D = Non-vault monster count
 E = Vault monster count
 F = Vault count percentage of total count
                 A         B        C        D         E       F
            +---------+---------+-------+---------+---------+-------
      Total |    1689 |      85 |   4.8 |      88 |      19 |  17.8
            +---------+---------+-------+---------+---------+-------
        D:1 |      12 |       4 |  25.0 |       7 |       2 |  22.2
        D:2 |      27 |      74 |  73.3 |      10 |      14 |  58.3
        D:3 |      39 |       7 |  15.2 |      15 |       3 |  16.7
        D:4 |     333 |       0 |   0.0 |      20 |       0 |   0.0
        D:5 |     834 |       0 |   0.0 |      29 |       0 |   0.0
        D:6 |     444 |       0 |   0.0 |       7 |       0 |   0.0
            +---------+---------+-------+---------+---------+-------
